 Seeded DCSS version 0.29.1-15-g9cfb28693d (webtiles) character file.

Game seed: 16245865983455551772 (custom seed)

219 Atreus the Magician (level 6, -8/40 HPs)
             Began as a Djinni Conjurer on Mar 6, 2023.
             Was an Elder of Zin.
             Killed from afar by Natasha (13 damage)
             ... with a bolt of dispelling energy
             ... on level 3 of the Dungeon.
             The game lasted 00:09:00 (3813 turns).

Atreus the Magician (Djinni Conjurer)               Turns: 3813, Time: 00:09:01

Health: -8/40      AC:  2    Str:  6    XL:     6   Next: 18%
Gold:   881        EV: 12    Int: 34    God:    Zin [****..] SH:  0 Dex: 11

rFire   + + +      SeeInvis .   e - +10 rapier "Z" {vorpal, rF+}
rCold   x . .      Faith    .   (no shield)
rNeg    . . .      Spirit   .   a - +0 robe
rPois   ∞          Reflect  .   (no helmet)
rElec   .          Harm     .   (no cloak)
rCorr   .          Rampage  .   (no gloves)
Will    .....                   (boots unavailable)
Stlth   ++........              (no amulet)
HPRegen 0.13/turn               h - +6 ring of intelligence
MPRegen 0.00/turn               i - +6 ring of intelligence

@: flying
A: sickness immunity, fire resistance 2, cold vulnerability 1, float, innate
caster, HP casting, extra vitality 1
a: Renounce Religion, Recite, Vitalisation, Imprison, Donate Gold


You were on level 3 of the Dungeon.
You worshipped Zin.
Zin was greatly pleased with you.
You visited 1 branch of the dungeon, and saw 3 of its levels.

You collected 978 gold pieces.
You donated 97 gold pieces to Zin.

Inventory:

Hand Weapons
 b - a +0 dagger
 e - the +10 rapier "Z" (weapon) {vorpal, rF+}
   (You acquired it on level 1 of the Dungeon)

   It inflicts extra damage upon your enemies.
   rF:        It protects you from fire.
Armour
 a - a +0 robe (worn)
Jewellery
 d - the ring "Anaerphud" {rElec rPois rN+ MP+9}
   (You acquired it on level 1 of the Dungeon)

   [ring of positive energy]

   rElec:     It insulates you from electricity.
   rPois:     It protects you from poison.
   rN:        It protects you from negative energy.
   MP:        It affects your magic capacity (+9).
 h - a +6 ring of intelligence (left hand)
 i - a +6 ring of intelligence (right hand)
Wands
 o - a wand of roots (4)
Scrolls
 g - 2 scrolls of teleportation {unknown}
 k - 2 scrolls of identify {unknown}
 l - a scroll of enchant weapon {unknown}
 m - a scroll of summoning {unknown}
 n - a scroll of immolation {unknown}
Potions
 c - a potion of might {unknown}
 f - 2 potions of flight {unknown}
 j - a potion of lignification {unknown}


   Skills:
 - Level 2.1 Dodging
 - Level 1.5 Stealth
 * Level 5.4 Spellcasting


You couldn't memorise any spells.
You knew the following spells:

 Your Spells              Type           Power      Damage    Failure   Level
a - Magic Dart            Conj           100%       1d8       1%          1
b - Searing Ray           Conj           92%        2d7       1%          2
c - Dazzling Flash        Conj/Hex       92%        N/A       1%          3
d - Fulminant Prism       Conj/Hex       23%        3d13      4%          4
e - Iskenderun's Mystic   Conj/Tloc      46%        2d10      4%          4
f - Apportation           Tloc           92%        N/A       1%          1
g - Passwall              Tmut/Erth      38%        N/A       1%          2
Your spell library was empty.

Dungeon Overview and Level Annotations

Branches:
Dungeon (3/15)

Altars:
Zin

Annotations:
D:3 Natasha


Innate Abilities, Weirdness & Mutations

You are immune to sickness and miasma.
You are immune to poison.
Your flesh is very heat resistant. (rF++)
You are vulnerable to cold. (rC-)
You float through the air rather than walking.
You learn spells naturally, not from books.
Your magical power is your life essence.
You have superior vitality. (+4 MHP)


Message History

A fulminant prism comes into view.
Unknown command.
Your fulminant prism crackles loudly.
Aiming: Fulminant Prism (dangerous; 4% risk of failure)
Press: ? - help, Q - select action, (/) - cycle Dir - move target You conjure a prism of explosive energy!
A fulminant prism comes into view.
Natasha misses you.
Your fulminant prism explodes!
The blast of energy engulfs your fulminant prism!!
Your fulminant prism detonates feebly.
You hear a shout! x2
Natasha mumbles some strange words.
You feel disoriented.
Natasha mumbles some strange words.
Aiming: Fulminant Prism (dangerous; 4% risk of failure)
Press: ? - help, Q - select action, (/) - cycle Dir - move target You conjure a prism of explosive energy!
A fulminant prism comes into view.
Natasha barely misses you.
Unknown command.
Natasha stares at you and mumbles some strange words.
The magic dart hits you! The white imp barely misses you.
Your fulminant prism crackles loudly.
Natasha casts a spell at you. The magic dart hits you. The white imp hits you.
* * * LOW HITPOINT WARNING * * *
The white imp freezes you!
You feel a terrible chill!
* * * LOW HITPOINT WARNING * * *
Your fulminant prism explodes!
The blast of energy engulfs Natasha!
You kill Natasha!
Natasha screams in pain as she dies!
The white imp disappears in a puff of smoke!
You hear a shout!
You start resting.
Natasha, Servant of Life and Death comes into view.
She is carrying a wand of quicksilver (13).
Natasha is nearby!
Natasha zaps a wand.
The bolt of dispelling energy hits you!
You die...

#..# ##.##
#####.# #<.##
....#'#
##..#####
.......
##h#...#
....).. #.....#
.......
#.##..##.......
#.#.....?.:....
#.#....@....#
#.#.####......#
..#. ..>####
#### ####


You could see Natasha.

Vanquished Creatures
  An orc priest (D:3)
  Jessica (D:2)
  2 orc wizards (D:3)
  Natasha (twice) (D:3)
  2 adders
  5 orcs (D:3)
  5 ball pythons
  2 bats
  5 endoplasms
  2 goblins (D:1)
  5 hobgoblins
  2 kobolds (D:1)
  3 quokkas (D:1)
  A frilled lizard (D:1)
  5 rats
  A fulminant prism (D:3)
44 creatures vanquished.

Vanquished Creatures (others)
  4 fulminant prisms
4 creatures vanquished.

Grand Total: 48 creatures vanquished

Notes
Turn   | Place    | Note
-------+----------+-------------------------------------------
     0 | D:1      | Atreus the Djinni Conjurer began the quest for the Orb.
     0 | D:1      | Atreus set off with the following spells memorised: Magic
                  | Dart, Searing Ray, Dazzling Flash, Fulminant Prism,
                  | Iskenderun's Mystic Blast.
     0 | D:1      | Reached XP level 1. HP: 15/15 MP: 0/0
   548 | D:1      | Identified 3 scrolls of acquirement
   548 | D:1      | Acquired the ring "Anaerphud" {rElec rPois rN+ MP+9}
   550 | D:1      | Acquired the +10 rapier "Z" {vorpal, rF+}
   552 | D:1      | Acquired 871 gold pieces
   589 | D:1      | Reached XP level 2. HP: 15/21 MP: 0/0
   732 | D:1      | Found a faded altar of an unknown god.
   738 | D:1      | Prayed at the altar of an unknown god.
   738 | D:1      | Became a worshipper of Zin the Law-Giver
   738 | D:1      | Reached * piety under Zin
   738 | D:1      | Reached ** piety under Zin
   738 | D:1      | Reached *** piety under Zin
  1566 | D:1      | Reached XP level 3. HP: 23/25 MP: 0/0
  1566 | D:1      | Learned a level 1 spell: Apportation
  2319 | D:2      | Reached **** piety under Zin
  2370 | D:2      | Reached skill level 4 in Spellcasting
  2514 | D:2      | Noticed Jessica
  2517 | D:2      | Killed Jessica
  2518 | D:2      | Reached XP level 4. HP: 28/31 MP: 0/0
  3186 | D:3      | Reached XP level 5. HP: 31/35 MP: 0/0
  3186 | D:3      | Learned a level 2 spell: Passwall
  3298 | D:3      | Reached skill level 5 in Spellcasting
  3606 | D:3      | Noticed Natasha
  3610 | D:3      | Killed Natasha
  3613 | D:3      | Reached XP level 6. HP: 25/40 MP: 0/0
  3795 | D:3      | Noticed Natasha
  3806 | D:3      | Killed Natasha
  3812 | D:3      | Noticed Natasha
  3813 | D:3      | Killed from afar by Natasha

Illustrated notes

Levels and vault maps discovered:
D:1:      minmay_arrival_hallway, layout_loops_corners, basic_ecumenical_altar,
          minmay_unequal
D:2:      layout_loops_ring, uniq_jessica
D:3:      layout_basic, serial_shops, nicolae_shop_advertising_works
          [nicolae_subvault_shop_adworks], minmay_shallow_snake_nest,
          uniq_natasha

Skill      XL: |  1  2  3  4  5 |
---------------+----------------+-----
Spellcasting   | 4 5 |  5.4
Dodging        | |  2.1
Stealth        | |  1.5

Action                   |  1- 3 |  4- 6 || total
-------------------------+-------+-------++-------
Melee: Dagger            |     7 |       ||     7
       Rapier            |       |     1 ||     1
 Cast: Magic Dart        |    52 |    17 ||    69
       Fulminant Prism   |       |     5 ||     5
       Searing Ray       |       |     9 ||     9
       Iskenderun's Myst |       |     1 ||     1
  Use: Scroll            |     3 |       ||     3
Armor: Robe              |     2 |     1 ||     3
Dodge: Dodged            |    14 |     4 ||    18
